 Dungeon Crawl Stone Soup version 0.31-a0-1009-g454b1f1 (webtiles) character file.

Game seed: 17446243739260456295

6365 Geeful the Mimic (level 10, -1/69 HPs)
             Began as an Octopode Shapeshifter on Nov 15, 2023.
             Was a Priest of Makhleb.
             Slain by a sixfirhy (11 damage)
             ... summoned by a kobold demonologist
             ... on level 9 of the Dungeon.
             The game lasted 00:27:59 (9210 turns).

Geeful the Mimic (Octopode Shapeshifter)            Turns: 9210, Time: 00:28:00

Health: -1/69      AC:  1    Str: 17    XL:     10   Next: 97%
Magic:  14/14      EV: 20    Int: 13    God:    Makhleb [***...]
Gold:   694        SH:  0    Dex: 12    Spells: 9/9 levels left

rFire   . .          .
                       - Unarmed
rCold   . . .        (shield currently unavailable)
rNeg    + . .        (helmet restricted)
rPois   +            (no amulet)
rElec   .            f - +5 ring of evasion
rCorr   .            s - ring of poison resistance
SInv    .            x - ring of positive energy
Will    .....        (no ring)
Stlth   +            (no ring)
HPRegen 0.31/turn    (no ring)
MPRegen 0.14/turn    (no ring)
                     (no ring)

%: no passive effects
@: flux-form, glowing, studying Earth Magic
A: glow, contaminating, almost no armour, amphibious, 8 rings, camouflage 1,
gelatinous body 1, (nimble swimmer 1), tentacles
a: Begin Untransformation, Renounce Religion, Minor Destruction, Lesser Servant
of Makhleb


You were on level 9 of the Dungeon.
You worshipped Makhleb.
Makhleb was most pleased with you.
You were something dangerously unstable.
You visited 1 branch of the dungeon, and saw 9 of its levels.
You also visited: Sewer and Bailey.

You collected 694 gold pieces.

Inventory:

Missiles
 o - 36 poisoned darts
 r - 2 curare-tipped darts (quivered)
Jewellery
 e - the ring of Due Proportion {rElec rC+ rN++ Dex-3 SInv Stlth+}
   (You took it off an orc warrior in a bailey)

   [ring of protection from cold]

   Dex-3:     It affects your dexterity (-3).
   rC+:       It protects you from cold.
   rElec:     It insulates you from electricity.
   rN++:      It greatly protects you from negative energy.
   SInv:      It lets you see invisible.
   Stlth+:    It makes you more stealthy.
 f - a +5 ring of evasion (left tentacle)
 s - a ring of poison resistance (right tentacle)
 x - a ring of positive energy (on tentacle)
Talismans
 b - a beast talisman
 c - a flux talisman (active)
Wands
 n - a wand of flame (42)
Scrolls
 d - a scroll of fear
 g - 4 scrolls of teleportation
 h - 3 scrolls of enchant weapon
 t - 2 scrolls of immolation
 y - a scroll of enchant armour {unknown}
 B - a scroll of blinking {unknown}
 C - a scroll of silence {unknown}
Potions
 a - 2 potions of lignification
 i - a potion of cancellation {unknown}
 j - 3 potions of enlightenment
 k - 4 potions of curing
 m - a potion of mutation
 p - a potion of resistance {unknown}
 u - a potion of attraction {unknown}
 w - a potion of invisibility {unknown}
 z - 2 potions of might {unknown}
 A - a potion of ambrosia


   Skills:
 + Level 6.9 Fighting
 + Level 7.1 Dodging
 + Level 7.4 Unarmed Combat
 + Level 5.5 Invocations
 * Level 9.5 Shapeshifting


You had 9 spell levels left.
You didn't know any spells.
Your spell library contained the following spells:

 Spells                   Type           Power      Damage    Failure   Level
 Kiss of Death            Conj/Necr      0%         2d5       30%         1
 Shock                    Conj/Air       0%         1d3       30%         1
 Summon Small Mammal      Summ           0%         N/A       30%         1
 Cigotuvi's Dreadful Rot  Necr/Pois/Air  0%         N/A       43%         2
 Sublimation of Blood     Necr           0%         N/A       43%         2
 Confusing Touch          Hex            0%         N/A       67%         3
 Frozen Ramparts          Ice            0%         1d1       67%         3
 Swiftness                Air            0%         N/A       67%         3
 Airstrike                Air            0%         2d(0-16)  97%         4
 Dispel Undead            Necr           0%         3d6       97%         4
 Petrify                  Tmut/Erth      0%         N/A       97%         4
 Vhi's Electric Charge    Tloc/Air       0%         N/A       97%         4
 Arcjolt                  Conj/Air       0%         1d10      100%        5
 Irradiate                Conj/Tmut      0%         3d11      100%        5
 Metabolic Englaciation   Hex/Ice        0%         N/A       100%        5
 Malign Gateway           Summ/Tloc      0%         N/A       100%        7
 Spellforged Servitor     Conj/Summ      0%         N/A       100%        7
 Maxwell's Capacitive Co  Air            0%         ∞         100%        8


Dungeon Overview and Level Annotations

Branches:
Dungeon (9/15)             Temple (0/1) D:7            Lair (0/5) D:8
  Sewer (visited)          Bailey (visited)
    Orc: D:9-12

Altars:
Gozag
Makhleb
Nemelex Xobeh
Sif Muna
Trog
Vehumet
Xom
Yredelemnul
Zin

Annotations:
D:5 4 runed translucent doors, Dorkslayer's ghost, novice HOFi
D:6 2 transporters, sol123's ghost, novice OpSh


Innate Abilities, Weirdness & Mutations

You are something dangerously unstable.
You glow with magical radiation, making you easy to see and hit.
Foes you strike become dangerously contaminated with magical radiation.
You are incapable of wielding weapons or throwing items.
You cannot wear most types of armour.
You are amphibious.
You can wear up to eight rings at the same time.
Your skin changes colour to match your surroundings (Stealth+).
Your rubbery body absorbs attacks. (AC +1, EV +1)
((You are camouflaged when in or above water. (Stealth+)))
You have tentacles for arms and can constrict up to eight enemies at once.


Message History

Things that are here:
a +0 flail; a +0 chain mail
Things that are here:
a +3 dagger of venom; a +0 robe
Things that are here:
a +0 club; an orc corpse
There is a stone staircase leading down here.
You climb downwards.
The kobold demonologist shouts!
Found 19 gold pieces.
There is a stone staircase leading up here.
A kobold demonologist is nearby!
Okay, then.
The kobold demonologist gestures wildly while chanting.
The kobold demonologist hits you with a +0 dagger.
You tentacle-slap the kobold demonologist but do no damage.
The kobold demonologist begins to glow.
You grab the kobold demonologist. You constrict the kobold demonologist.
You tentacle-slap the kobold demonologist but do no damage.
The kobold demonologist glows dangerously bright.
The kobold demonologist is lightly wounded.
You constrict the kobold demonologist.
The kobold demonologist casts a spell.
The sixfirhy hits you! The sixfirhy shocks you!
You tentacle-slap the kobold demonologist but do no damage.
The kobold demonologist shudders as magic cascades through it!!
The kobold demonologist twists and deforms.
You squeeze the kobold demonologist.
The kobold demonologist is severely wounded.
You constrict the kobold demonologist. The sixfirhy hits you!
The sixfirhy shocks you! The sixfirhy misses you. x2
The kobold demonologist completely misses you.
The sixfirhy misses you.
You tentacle-slap the kobold demonologist but do no damage.
The kobold demonologist begins to glow.
You squeeze the kobold demonologist.
The kobold demonologist is almost dead.
You constrict the kobold demonologist. The sixfirhy hits you!
* * * LOW HITPOINT WARNING * * *
The sixfirhy shocks you!
You die...

##### #...#
#...# #...#
.#####...# .
.........#####..
.......K........
......4p3.......
#######....####
#....# #....#
#.<..# #....#
#....# #....#
#....#


You could see a hellwing (summoned), a kobold demonologist (contam, misshapen)
and a sixfirhy (summoned).

Vanquished Creatures
  An elephant (D:8)
  A troll (D:7)
  Grinder (D:6)
  6 yaks (D:8)
  A wraith (D:7)
  A wyvern (D:7)
  2 basilisks
  A steam dragon (D:4)
  6 orc warriors
  A sky beast (D:6)
  2 ice beasts
  A black bear (D:6)
  3 ogres
  2 centaurs
  A phantom (D:5)
  7 kobold brigands
  2 scorpions
  A gnoll sergeant (D:7)
  6 wights (D:7)
  8 killer bees (D:8)
  An orc priest (D:5)
  2 hounds
  A gnoll bouda (D:7)
  A jelly (D:8)
  3 iguanas
  Natasha (thrice) (D:2)
  5 orc wizards
  16 adders
  6 gnolls (D:7)
  A river rat (Sewer)
  A white imp (D:6)
  2 ufetubi (D:7)
  A worm (Sewer)
  6 dart slugs
  41 orcs
  9 endoplasms
  3 giant cockroaches
  4 goblins
  9 hobgoblins
  6 jackals
  21 kobolds
  2 quokkas
  10 ball pythons
  4 bats
  2 frilled lizards (D:2)
  A kobold skeleton (D:5)
  7 rats
222 creatures vanquished.

Vanquished Creatures (collateral kills)
  An orc knight (Bailey)
  A basilisk (D:8)
  An orc (D:8)
3 creatures vanquished.

Grand Total: 225 creatures vanquished

Notes
Turn   | Place    | Note
-------+----------+-------------------------------------------
     0 | D:1      | Geeful the Octopode Shapeshifter began the quest for the
                  | Orb.
     0 | D:1      | Reached XP level 1. HP: 13/13 MP: 1/1
   125 | D:1      | Reached XP level 2. HP: 18/18 MP: 2/2
   482 | D:1      | Reached XP level 3. HP: 21/23 MP: 3/3
   811 | D:2      | Reached XP level 4. HP: 27/29 MP: 4/4
  1179 | D:2      | Noticed Natasha
  1186 | D:2      | Killed Natasha
  1239 | D:2      | Noticed Natasha
  1244 | D:2      | Killed Natasha
  1245 | D:2      | Reached skill level 4 in Shapeshifting
  1245 | D:2      | Reached XP level 5. HP: 28/34 MP: 5/5
  1741 | D:2      | Noticed Natasha
  1746 | D:2      | Killed Natasha
  1857 | D:3      | Found a radiant altar of Vehumet.
  1857 | D:3      | Found a burning altar of Makhleb.
  1857 | D:3      | Found a sparkling altar of Nemelex Xobeh.
  1862 | D:3      | Became a worshipper of Makhleb the Destroyer
  1867 | D:3      | Found a bloodstained altar of Trog.
  1871 | D:3      | Found a glowing silver altar of Zin.
  1876 | D:3      | Found a shimmering altar of Xom.
  2258 | D:3      | Found a glowing drain.
  2268 | Sewer    | Entered a sewer
  2319 | Sewer    | Noticed a kobold brigand
  2320 | Sewer    | Noticed a kobold brigand
  2327 | Sewer    | Killed a kobold brigand
  2328 | Sewer    | Reached XP level 6. HP: 17/41 MP: 6/6
  2511 | Sewer    | Reached skill level 5 in Shapeshifting
  2543 | Sewer    | Reached XP level 7. HP: 46/46 MP: 7/7
  2577 | Sewer    | Reached * piety under Makhleb
  3131 | D:4      | Found a shimmering blue altar of Sif Muna.
  3147 | D:4      | Noticed a steam dragon
  3163 | D:4      | Killed a steam dragon
  3481 | D:4      | Found an opulent altar of Gozag.
  3584 | D:4      | Found the +6 shillelagh "Devastator" {shatter}
  3722 | D:4      | Reached XP level 8. HP: 54/54 MP: 8/8
  3921 | D:5      | Entered Level 5 of the Dungeon
  3931 | D:5      | Reached skill level 6 in Shapeshifting
  3963 | D:5      | Reached skill level 5 in Unarmed Combat
  3969 | D:5      | Found a runed translucent gate.
  3969 | D:5      | Found a runed translucent gate.
  3970 | D:5      | Found a runed translucent gate.
  4410 | D:5      | Found a runed translucent door.
  4413 | D:5      | Found a basalt altar of Yredelemnul.
  4491 | D:5      | Noticed Dorkslayer's ghost (novice HOFi)
  4512 | D:6      | Noticed Grinder
  4520 | D:6      | Killed Grinder
  4520 | D:6      | Reached ** piety under Makhleb
  4521 | D:6      | Reached skill level 1 in Invocations
  4619 | D:6      | Reached skill level 5 in Dodging
  4695 | D:6      | Noticed a white ugly thing
  4700 | D:6      | Noticed sol123's ghost (novice OpSh)
  4743 | D:6      | Reached skill level 7 in Shapeshifting
  4967 | D:6      | Reached XP level 9. HP: 42/60 MP: 10/10
  5044 | D:6      | Found a transporter.
  5048 | D:6      | Reached skill level 5 in Fighting
  5085 | D:6      | Found a transporter.
  5417 | D:7      | Identified the "Asahakic"
  5868 | D:7      | Found a staircase to the Ecumenical Temple.
  6396 | D:7      | Reached *** piety under Makhleb
  6607 | D:7      | Noticed a troll
  6616 | D:7      | Killed a troll
  6623 | D:7      | Reached skill level 8 in Shapeshifting
  7040 | D:8      | Found a flagged portal.
  7046 | Bailey   | Entered a bailey
  7284 | Bailey   | Reached XP level 10. HP: 41/68 MP: 12/12
  7689 | Bailey   | Identified the ring of Due Proportion {rElec rC+ rN++ Dex-3
                  | SInv Stlth+}
  7708 | Bailey   | Noticed an orc knight
  7725 | Bailey   | Killed an orc knight
  8166 | D:8      | Noticed an elephant
  8394 | D:8      | Killed an elephant
  8395 | D:8      | Reached skill level 9 in Shapeshifting
  8417 | D:8      | Reached skill level 5 in Invocations
  8795 | D:8      | Found a staircase to the Lair.
  9202 | D:9      | Noticed a kobold demonologist
  9206 | D:9      | Noticed a sixfirhy
  9210 | D:9      | Slain by a sixfirhy

Illustrated notes

Levels and vault maps discovered:
D:1:      ldierk_walled_garden, layout_basic, minmay_split_cup_large
D:2:      layout_basic, minmay_gold_behind_fungi, minmay_pentomino_t4,
          uniq_natasha
D:3:      layout_loops_ring, nicolae_overflow_hallway_of_the_gods,
          portal_sewer_entry_d, corexii_corridor_pit
D:4:      layout_cave_pools, mainiacjoe_overflow_catch_the_wave,
          serial_column_ruins, column_ruins_hut, column_ruins_hut,
          column_ruins_open_small, column_ruins_open_medium,
          column_ruins_open_tiny, column_ruins_open_tiny,
          column_ruins_open_small, column_ruins_columns_straight,
          grunt_decor_cap, hangedman_decor_points, minivault_27,
          dilly_guarded_unrand_devastator
D:5:      layout_basic, dk_yredelemnul_ordeal, gammafunk_ghost_necromancy
D:6:      layout_rooms, gammafunk_ghost_arena, uniq_grinder
D:7:      layout_basic, minmay_temple_entry_sparse_star,
          minmay_manual_monstrance
D:8:      layout_loops_cross, david_lair_generic, enter_bailey_2, serial_glass,
          glass_columns_a, glass_columns_b, glass_columns_a,
          minmay_misc_feat_tower, small_statue_intersection
D:9:      cheibrodos_barr_body, layout_small_grid, serial_undead,
          serial_undead_b, serial_undead_b, serial_undead_c, serial_undead_a,
          kennysheep_another_room

Skill      XL: |  1  2  3  4  5  6  7  8  9 10 |
---------------+-------------------------------+-----
Fighting       | 2 3 4 5 6 |  6.9
Shapeshifting  | 4 5 7 8 9 |  9.5
Dodging        | 3 4 5 6 7 |  7.1
Unarmed Combat | 4 5 6 7 |  7.4
Invocations    | 2 3 5 |  5.5

Action                     |  1- 3 |  4- 6 |  7- 9 | 10-12 || total
---------------------------+-------+-------+-------+-------++-------
  Melee: Unarmed           |    52 |    82 |   284 |   157 ||   575
         Constrict         |    11 |    25 |    77 |    31 ||   144
         Tentacles         |     9 |    15 |    80 |    43 ||   147
         Punch             |     1 |     5 |    12 |       ||    18
  Throw: Dart              |       |       |     3 |       ||     3
 Invoke: Lesser Servant of |       |       |       |     3 ||     3
Ability: Begin Untransform |       |       |     1 |       ||     1
    Use: Scroll            |       |     7 |    10 |     1 ||    18
         Potion            |       |       |     4 |     1 ||     5
   Stab: Sleeping          |    10 |     8 |     4 |       ||    22
 Armour: Skin              |    10 |    25 |   102 |    55 ||   192
  Dodge: Dodged            |    38 |    51 |   183 |   133 ||   405
   Form: Flux              |       |       |     1 |       ||     1

Table legend: (Time is in decaauts)
 A = Elapsed time spent in this place.
 B = Non-inter-level travel time spent in this place.
 C = Inter-level travel time spent in this place.
 D = Time resting spent in this place.
 E = Time spent auto-exploring this place.
 F = Levels seen in this place.
 G = Mean time per level.
                   A        B        C        D        E       F      G
               +--------+--------+--------+--------+--------+-----+--------+
         Total |   9121 |   8827 |    294 |   1469 |   5138 |  11 |  829.2 |
       Dungeon |   7826 |   7532 |    294 |    934 |   4914 |   9 |  869.6 |
         Sewer |    430 |    430 |      0 |     99 |    178 |   1 |  430.0 |
        Bailey |    864 |    864 |      0 |    436 |     46 |   1 |  864.0 |
               +--------+--------+--------+--------+--------+-----+--------+

Top non-repeatable levels by time:
     D:7: 1770 daAuts
     D:2: 1250 daAuts
     D:8: 1082 daAuts
     D:6: 903 daAuts
  Bailey: 864 daAuts
     D:4: 829 daAuts
     D:3: 803 daAuts
     D:1: 597 daAuts
     D:5: 582 daAuts
   Sewer: 430 daAuts
     D:9: 7 daAuts
